 Dungeon Crawl Stone Soup version 0.26-b1-52-g61e05abef2 (webtiles) character file.

Game seed: 10170009990241709460

1273 raceaflais the Chopper (level 8, -1/61 HPs)
             Began as a Human Berserker on Jan 7, 2021.
             Was a Priest of Trog.
             Killed from afar by a black draconian monk (46 damage)
             ... with a bolt of lightning
             ... on level 1 of the Abyss.
             The game lasted 00:08:41 (4961 turns).

raceaflais the Chopper (Human Berserker)            Turns: 4961, Time: 00:08:41

Health: -1/61      AC: 13    Str: 16    XL:     8   Next: 83%
Magic:  8/8        EV: 10    Int:  4    God:    Trog [***...]
Gold:   208        SH:  3    Dex: 12    Spells: 7/7 levels left

rFire    . . .     SeeInvis .   i - +2 mace (vorpal)
rCold    . . .     Faith    .   g - +0 buckler
rNeg     . . .     Spirit   .   k - +0 scale mail
rPois    .         Reflect  .   l - +0 helmet
rElec    .         Harm     .   t - +0 cloak (curse)
rCorr    .         Rampage  .   c - +0 pair of gloves
Will     .....                  n - +0 pair of boots
Stlth    ..........             (no amulet)
HPRegen  0.20/turn              h - ring of flight
MPRegen  0.11/turn              m - +4 ring of protection

@: berserk cooldown, slowed, very slow
A: [deformed body], [dopey 2], [weak 2], [no potion heal 2]
a: Renounce Religion, Evoke Flight, Berserk, Trog's Hand


You were on level 1 of the Abyss.
You worshipped Trog.
Trog was most pleased with you.
You visited 1 branch of the dungeon, and saw 4 of its levels.
You visited the Abyss 1 time.
You also visited: Sewer.

You collected 208 gold pieces.

Inventory:

Hand Weapons
 a - a +0 hand axe
 i - a +2 vorpal mace (weapon)
Missiles
 e - 22 poisoned darts
Armour
 b - a +0 animal skin
 c - a +0 pair of gloves (worn)
 g - a +0 buckler (worn)
 k - a +0 scale mail (worn)
 l - a +0 helmet (worn)
 n - a +0 pair of boots (worn)
 t - a cursed +0 cloak (worn)
Jewellery
 h - a ring of flight (left hand)
 m - a +4 ring of protection (right hand)
 x - an uncursed ring of willpower
 z - an uncursed ring of resist corrosion {unknown}
Wands
 o - a wand of acid (5)
Scrolls
 d - a scroll of fog {unknown}
 f - 5 scrolls of identify
 j - 2 scrolls of immolation
 p - a scroll of fear {unknown}
 q - a scroll of amnesia {unknown}
 r - 4 scrolls of teleportation
 y - a scroll of blinking
 A - a scroll of random uselessness {unknown}
Potions
 s - a potion of curing
 u - a potion of brilliance {unknown}
 v - a potion of magic {unknown}
 w - a potion of haste


   Skills:
 + Level 4.8 Fighting
 + Level 6.1(6.5) Axes
 + Level 3.4(5.2) Maces & Flails
 + Level 5.4 Armour
 + Level 3.7 Dodging
 + Level 1.7 Stealth
 + Level 1.1 Shields


You had 7 spell levels left.
You didn't know any spells.
Your spell library was empty.

Dungeon Overview and Level Annotations

Branches:
Dungeon (4/15)             Temple (0/1) D:4           Sewer (visited)

Altars:
Elyvilon
Gozag
Makhleb
The Shining One

Portals:
Abyss: D:4

Annotations:
D:4 1 transporter


Innate Abilities, Weirdness & Mutations

[Armour fits poorly on your strangely shaped body.]
[You are very dopey. (Int -4)]
[You are very weak. (Str -4)]
[Potions are poor at restoring your health.]


Message History

You are exhausted.
You feel yourself slow down.
You start resting.
A large abomination comes into view.
A large abomination is nearby!
A large abomination is nearby!
A large abomination is nearby!
A - a scroll labelled FIBLAHEWEH
There are no items here.
You start waiting.
A smoke demon comes into view.
The smoke demon roars!
You hear a chilling moan.
The smoke demon gestures at you. Something smites you!
A small abomination comes into view.
A black draconian monk comes into view.
The black draconian monk breathes lightning at you.
The bolt of lightning hits you!!!
Ouch! That really hurt!
You die...

.q.. ..# ..## ... .
####.. .. #.#..# .#
#. . ##...###..## #.
##...@.....x.
...##....#...........
#.##. >. ###..###..##
# . #....##.###..## #
. ..## #......... .
#. ....##...... ##
.#...#.3.##..## #
....#.#...3..# .## ..
..X..#.#..........


You could see a black draconian monk (catching breath), a smoke demon and a
small abomination.

Vanquished Creatures
  The ghost of raceaflais the Chopper, an amateur MiBe of Trog (D:4)
  A small abomination (D:4)
  A large abomination (Abyss:1)
  Eustachio (D:4)
  Menkaure (D:4)
  A phantom (D:4)
  A scorpion (D:4)
  A howler monkey (D:4)
  2 iguanas (D:4)
  A worker ant (D:4)
  Robin (D:4)
  A gnoll (D:4)
  7 adders
  A white imp (D:4)
  A worm (D:2)
  4 dart slugs
  3 leopard geckos
  3 orcs
  6 giant cockroaches
  7 hobgoblins
  5 jackals (Sewer)
  7 kobolds
  2 ball pythons (Sewer)
  3 bats
  8 frilled lizards
  12 goblins
  5 rats
87 creatures vanquished.

Vanquished Creatures (others)
  A quokka (D:3)
  15 plants
16 creatures vanquished.

Grand Total: 103 creatures vanquished

Notes
Turn   | Place    | Note
-------+----------+-------------------------------------------
     0 | D:1      | raceaflais the Human Berserker began the quest for the Orb.
     0 | D:1      | Reached XP level 1. HP: 18/18 MP: 1/1
   244 | D:1      | Reached XP level 2. HP: 23/24 MP: 2/2
   610 | D:2      | Reached XP level 3. HP: 16/30 MP: 3/3
  1136 | D:2      | Found a glowing golden altar of the Shining One.
  1174 | D:2      | Found a faded altar of an unknown god.
  1863 | D:2      | Reached XP level 4. HP: 37/37 MP: 4/4
  2032 | D:2      | Found an opulent altar of Gozag.
  2319 | D:3      | Reached ** piety under Trog
  2565 | D:3      | Found a burning altar of Makhleb.
  2731 | D:3      | Found a white marble altar of Elyvilon.
  3131 | D:4      | Found a staircase to the Ecumenical Temple.
  3131 | D:4      | Noticed a phantom
  3139 | D:4      | Noticed Eustachio
  3151 | D:4      | Reached skill level 4 in Axes
  3151 | D:4      | Reached XP level 5. HP: 42/42 MP: 5/5
  3161 | D:4      | Killed Eustachio
  3162 | D:4      | Reached skill level 5 in Axes
  3162 | D:4      | Reached XP level 6. HP: 48/48 MP: 6/6
  3179 | D:4      | Killed a phantom
  3180 | D:4      | Reached XP level 7. HP: 34/54 MP: 7/7
  3255 | D:4      | Noticed Menkaure
  3282 | D:4      | Killed Menkaure
  3361 | D:4      | Found a transporter.
  3378 | D:4      | Reached skill level 6 in Axes
  3391 | D:4      | Noticed Robin
  3404 | D:4      | Killed Robin
  3445 | D:4      | Found a glowing drain.
  3462 | Sewer    | Entered a sewer
  3543 | Sewer    | Reached *** piety under Trog
  4420 | D:4      | Noticed raceaflais's ghost (amateur MiBe)
  4423 | D:4      | Noticed a small abomination
  4434 | D:4      | Killed a small abomination
  4435 | D:4      | Reached skill level 1 in Maces & Flails
  4435 | D:4      | Reached skill level 1 in Stealth
  4435 | D:4      | Reached XP level 8. HP: 21/61 MP: 8/8
  4508 | D:4      | Found a one-way gate to the infinite horrors of the Abyss.
  4534 | D:4      | Killed raceaflais's ghost
  4535 | D:4      | Reached skill level 5 in Armour
  4691 | D:4      | Found a transporter.
  4738 | D:4      | Voluntarily entered the Abyss.
  4777 | Abyss:1  | Noticed a starcursed mass
  4796 | Abyss:1  | Found a corrupted altar of Lugonu.
  4813 | Abyss:1  | Noticed a wretched star
  4824 | Abyss:1  | Noticed a starcursed mass
  4916 | Abyss:1  | Noticed a large abomination
  4927 | Abyss:1  | Killed a large abomination
  4928 | Abyss:1  | Reached skill level 1 in Shields
  4941 | Abyss:1  | Noticed a large abomination
  4956 | Abyss:1  | Noticed a smoke demon
  4961 | Abyss:1  | Noticed a black draconian monk
  4961 | Abyss:1  | Killed from afar by a black draconian monk

Illustrated notes

Levels and vault maps discovered:
D:1:      shiori_arrival_maze, layout_rooms, minmay_misc_feat_chi
D:2:      layout_loops_corners, grunt_gozag_statues,
          chequers_ecumenical_altar_lobes, tso_metal_star
D:3:      layout_loops_ring, elyvilon_altar_4, lightli_temple_of_fire,
          guppyfry_early_lair_pool
D:4:      layout_loops_ring, minmay_temple_entry_stoned_glass,
          gammafunk_ghost_abyssal_escape, portal_sewer_entry_d, serial_shops,
          nicolae_shop_window_shopping, hangedman_decor_lopped,
          grunt_decor_arrowhead, grunt_ashenzari_visionary
          [grunt_ashenzari_visionary_swamp, grunt_ashenzari_visionary_spider],
          uniq_menkaure, uniq_robin, uniq_eustachio
Abyss:1:  base: Temple, hangedman_abyss_or_decor_stabs, abyss_furniture_001,
          hangedman_abyss_mock_shop, lemuel_flamethrower_3

Skill      XL: |  1  2  3  4  5  6  7  8 |
---------------+-------------------------+-----
Axes           | 4 5 6 |  6.1
Fighting       | 4 |  4.8
Armour         | 3 4 5 |  5.4
Dodging        | 3 |  3.7
Maces & Flails | 1 3 |  3.4
Stealth        | 1 |  1.7
Shields        | 1 |  1.1

Action                   |  1- 3 |  4- 6 |  7- 9 || total
-------------------------+-------+-------+-------++-------
Melee: Hand axe          |    85 |    70 |    57 ||   212
       Mace              |       |       |   128 ||   128
Invok: Berserk           |       |     1 |     3 ||     4
  Use: Scroll            |     1 |     4 |     3 ||     8
       Potion            |       |     2 |    10 ||    12
 Stab: Distracted        |       |       |     1 ||     1
Armor: Animal skin       |     7 |       |       ||     7
       Scale mail        |    28 |    34 |   100 ||   162
Dodge: Dodged            |    47 |    47 |   107 ||   201
Block: Buckler           |       |       |    13 ||    13
